 Dungeon Crawl Stone Soup version 0.29-a0-350-g7790a0e70a (webtiles) character file.

Game seed: 5836371686733344716

23 freelancePsychic the Vexing (level 3, 0/27 HPs)
             Began as a Formicid Arcane Marksman on Apr 22, 2022.
             Succumbed to an adder's poison
             ... on level 1 of the Dungeon.
             The game lasted 00:01:52 (1329 turns).

freelancePsychic the Vexing (FoAM)                  Turns: 1329, Time: 00:01:52

Health: 0/27       AC:  5    Str: 16    XL:     3   Next: 12%
Magic:  4/4        EV: 10    Int: 12    God:
Gold:   27         SH:  0    Dex: 11    Spells: 4/4 levels left

rFire   . . .      SeeInvis +   (no weapon)
rCold   . . .      Faith    .   (no shield)
rNeg    . . .      Spirit   .   j - +0 ring mail
rPois   .          Reflect  .   (helmet unavailable)
rElec   .          Harm     .   (no cloak)
rCorr   .          Rampage  .   (no gloves)
Will    .....                   (no boots)
Stlth   +.........              d - amulet of the acrobat
HPRegen 0.09/turn               (no ring)
MPRegen 0.09/turn               (no ring)

@: mighty, lethally poisoned (0 -> -10)
A: permanent stasis, dig shafts and tunnels, antennae 3, four strong arms
a: Dig, Shaft Self


You were on level 1 of the Dungeon.
You visited 1 branch of the dungeon, and saw 2 of its levels.

You collected 27 gold pieces.

Inventory:

Hand Weapons
 a - a +0 hand crossbow
Armour
 b - a +0 robe
 f - a +0 plate armour
 h - a +0 pair of gloves
 j - a +0 ring mail (worn)
Jewellery
 d - an amulet of the acrobat (around neck)
Scrolls
 c - a scroll of vulnerability


   Skills:
 + Level 1.9 Fighting
 + Level 3.0 Crossbows
 + Level 0.0 Armour
 - Level 1.7 Dodging
 - Level 1.1 Spellcasting
 - Level 3.6 Hexes


You had 4 spell levels left.
You didn't know any spells.
Your spell library contained the following spells:

 Spells                   Type           Power      Damage    Failure   Level
 Slow                     Hex            36%        N/A       13%         1
 Inner Flame              Hex/Fire       5%         N/A       63%         3
 Portal Projectile        Hex/Tloc       10%        N/A       63%         3
 Corpse Rot               Necr/Air       0%         N/A       65%         2
 Poisonous Vapours        Pois/Air       0%         N/A       65%         2
 Cause Fear               Hex            4%         N/A       78%         4


Dungeon Overview and Level Annotations

Branches:
Dungeon (2/15)

Altars:


Innate Abilities, Weirdness & Mutations

You cannot be hasted, slowed, berserked, paralysed or teleported.
You can dig through walls and to a lower floor.
You have a pair of large antennae on your head. (SInv)
Your four strong arms can wield two-handed weapons with a shield.


Message History

Shoot: a) +0 hand crossbow
Press: ? - help, Shift-Dir - straight line, f/p - adder
Aim: an adder (moderately wounded, 38% to hit)
You shoot a bolt.
The bolt hits the adder but does no damage.
The adder is moderately wounded.
You feel sick. The adder closely misses you.
Shoot: a) +0 hand crossbow
Press: ? - help, Shift-Dir - straight line, f/p - adder
Aim: an adder (moderately wounded, 38% to hit)
You shoot a bolt. The bolt barely misses the adder.
You feel sick. The adder bites you. x2
You are more poisoned.
The adder poisons you!
Shoot: a) +0 hand crossbow
Press: ? - help, Shift-Dir - straight line, f/p - adder
Aim: an adder (moderately wounded, 38% to hit)
You shoot a bolt.
The bolt hits the adder but does no damage.
The adder is moderately wounded.
* * * LOW HITPOINT WARNING * * *
You feel very sick. The adder closely misses you. x2
It was a potion of might.
You feel very mighty all of a sudden.
You feel sick. The adder bites you but does no damage.
You are now empty-handed.
You feel sick. The adder bites you but does no damage.
You miss the adder.
The adder is moderately wounded.
You feel sick. The adder bites you but does no damage.
You closely miss the adder.
The adder is moderately wounded.
You feel sick. The adder bites you.
* * * LOW HITPOINT WARNING * * *
You are more poisoned.
The adder poisons you!
You barely miss the adder.
The adder is moderately wounded.
You die...

##.....#.#...#.#
#.#.###..##.###
.......#.#.#.#.# #.#.# #..##.#
.......#.#.#.#.###.#.# #..)..#
.......#...#.#.##..#.####.####
.......#.###.#............#
##.#.....#...#.#...#.######
#.###.#.#.#####...#.#
##.###.#+#.........#.#
................@..#.#
...#.........###S#.#.#
####.#.............#.#
#...#.....###(###.#
#########.###.# #.# #######
#.........###.###.....#
######.##............#.#
#...#......###########.#
#.<.#..##..# #.......#


You could see an adder.

Vanquished Creatures
  A gnoll (D:1)
  A dart slug (D:1)
  A bat (D:1)
  An endoplasm (D:1)
  2 kobolds (D:1)
  3 quokkas (D:1)
  A ball python (D:1)
  A frilled lizard (D:1)
11 creatures vanquished.

Notes
Turn   | Place    | Note
-------+----------+-------------------------------------------
     0 | D:1      | freelancePsychic the Formicid Arcane Marksman began the
                  | quest for the Orb.
     0 | D:1      | Reached XP level 1. HP: 15/15 MP: 2/2
   224 | D:1      | Reached XP level 2. HP: 21/21 MP: 3/3
  1051 | D:1      | Reached XP level 3. HP: 25/27 MP: 4/4
  1329 | D:1      | Succumbed to an adder's poison

Illustrated notes

Levels and vault maps discovered:
D:1:      amcnicky_arrival_blooded_trapdoor, layout_basic
D:2:      layout_loops_ring, minmay_misc_feat_cross

Skill      XL: |  1  2  3 |
---------------+----------+-----
Crossbows      | 3 |  3.0
Fighting       | |  1.9
Dodging        | |  1.7
Spellcasting   | |  1.1
Hexes          | |  3.6

Action                   || total
-------------------------++-------
Melee: Unarmed           ||     3
 Fire: Hand crossbow     ||    61
  Use: Scroll            ||     4
       Potion            ||     1
Armor: Robe              ||     3
       Ring mail         ||    18
Dodge: Dodged            ||    35

Table legend: (Time is in decaauts)
 A = Elapsed time spent in this place.
 B = Non-inter-level travel time spent in this place.
 C = Inter-level travel time spent in this place.
 D = Time resting spent in this place.
 E = Time spent auto-exploring this place.
 F = Levels seen in this place.
 G = Mean time per level.
                   A        B        C        D        E       F      G
               +--------+--------+--------+--------+--------+-----+--------+
         Total |   1357 |   1320 |     37 |     21 |   1123 |   2 |  678.5 |
       Dungeon |   1357 |   1320 |     37 |     21 |   1123 |   2 |  678.5 |
               +--------+--------+--------+--------+--------+-----+--------+

Top non-repeatable levels by time:
     D:1: 1339 daAuts
     D:2: 18 daAuts
